 Dungeon Crawl Stone Soup version 0.31.0-32-g396128a36d (webtiles) character file.

Game seed: 4848317743589544191

1472 Dogenati the Covered (level 8, 0/73 HPs)
             Began as a Minotaur Fighter on Apr 13, 2024.
             Was a Believer of Uskayaw.
             Slain by a gnoll sergeant
             ... wielding a +4 trident of venom
              (4 damage)
             ... on level 6 of the Dungeon.
             The game lasted 00:23:30 (6698 turns).

Dogenati the Covered (Minotaur Fighter)             Turns: 6698, Time: 00:23:30

Health: 0/73       AC: 18    Str: 24    XL:     8   Next: 49%
Magic:  7/7        EV:  9    Int:  5    God:    Uskayaw [**....]
Gold:   297        SH:  6    Dex: 15    Spells: 5/7 levels left

rFire   . . .        k - +0 flail (protect)
rCold   . . .        c - +0 buckler
rNeg    . . .        b - +0 scale mail
rPois   +            r - +0 hat
rElec   .            (no cloak)
rCorr   .            i - +0 pair of gloves
SInv    .            (no boots)
Will    ++...        (no amulet) Stlth
                     e - +6 ring of dexterity
HPRegen 0.32/turn    (no ring)
MPRegen 0.10/turn

%: no passive effects
@: lethally poisoned (0 -> -9), under a protective aura, very slow
A: horns 2, retaliatory headbutt, iridescent scales 1, strong-willed 2, poison
resistance
a: Renounce Religion, Stomp, Line Pass


You were on level 6 of the Dungeon.
You worshipped Uskayaw.
Uskayaw was noncommittal.
You visited 1 branch of the dungeon, and saw 6 of its levels.

You collected 297 gold pieces.

Inventory:

Hand Weapons
 a - a +0 flail
 k - a +0 flail of protection (weapon)
Missiles
 h - 42 stones (quivered)
 j - 15 poisoned darts
 v - 5 javelins
Armour
 b - a +0 scale mail (worn)
 c - a +0 buckler (worn)
 g - an orb of guile
 i - a +0 pair of gloves (worn)
 r - a +0 hat (worn)
Jewellery
 e - a +6 ring of dexterity (left hand)
Wands
 q - a wand of flame (8)
Scrolls
 d - a scroll of poison {unknown}
 f - a scroll of revelation
 l - 2 scrolls of amnesia
 o - 2 scrolls of identify
 p - 2 scrolls of vulnerability
Potions
 n - a potion of mutation
 s - 2 potions of attraction {unknown}
 t - a potion of lignification {unknown}


   Skills:
 + Level 7.2 Fighting
 + Level 7.2 Maces & Flails
 + Level 7.2 Armour
 - Level 6.2 Shields
 * Level 1.6 Summonings


You had 5 spell levels left.
You knew the following spells:

 Your Spells              Type           Power      Damage    Failure   Level
a - Call Imp              Summ           2%         N/A       73%         2

Your spell library contained the following spells:

 Spells                   Type           Power      Damage    Failure   Level
 Jinxbite                 Hex            0%         N/A       91%         2
 Sublimation of Blood     Necr           0%         N/A       91%         2
 Petrify                  Alch/Erth      0%         N/A       100%        4
 Irradiate                Conj/Alch      0%         3d11      100%        5
 Yara's Violent Unravell  Hex/Alch       0%         3d3       100%        5
 Enfeeble                 Hex            0%         N/A       100%        7
 Summon Hydra             Summ           0%         N/A       100%        7


Dungeon Overview and Level Annotations

Branches:
Dungeon (6/15)
 Temple: D:4-7

Altars:
Hepliaklqana
Kikubaaqudgha
Qazlal
Uskayaw
Vehumet
Wu Jian

Shops:
D:3 ((!!*


Innate Abilities, Weirdness & Mutations

You have a pair of horns on your head.
You reflexively headbutt those who attack you in melee.
You are partially covered in iridescent scales. (AC +2)
You are highly strong-willed. (Will++)
Your system is resistant to poisons. (rPois)


Message History

The bolt of electricity hits you!
* * * LOW HITPOINT WARNING * * *
You feel very sick. The gnoll sergeant closely misses you.
The gnoll sergeant hits you with a +4 trident of venom.
* * * LOW HITPOINT WARNING * * *
You are more poisoned.
You closely miss the gnoll sergeant.
Your headbutt misses the gnoll sergeant.
You feel very sick.
The gnoll sergeant hits you with a +4 trident of venom!
* * * LOW HITPOINT WARNING * * *
You are lethally poisoned!
You feel better. The sky beast closely misses you.
The gnoll sergeant hits you with a +4 trident of venom.
* * * LOW HITPOINT WARNING * * *
You are poisoned.
You hit the gnoll sergeant.
Your weapon exudes an aura of protection.
The gnoll sergeant is moderately wounded.
You feel very sick. You block the sky beast's attack.
The gnoll sergeant hits you but does no damage.
You are more poisoned.
You hit the gnoll sergeant but do no damage.
You headbutt the gnoll sergeant!
The gnoll sergeant is severely wounded.
You feel very sick. You block the sky beast's attack.
The gnoll sergeant hits you with a +4 trident of venom!
* * * LOW HITPOINT WARNING * * *
You can now pass through a line of other dancers.
It was a potion of mutation.
You feel extremely strange.
Iridescent scales grow over part of your body.
You feel strong-willed.
You feel more strong-willed.
You feel resistant to poisons.
* * * LOW HITPOINT WARNING * * *
You feel sick. You block the sky beast's attack.
The gnoll sergeant hits you with a +4 trident of venom.
You die...

# # ## ~## ~~# ##### ~♣#
#.P~### ~ ~♣
#~~~~.#####~P ~♣#
#.~~~.....~.~ ~~##
#.♣~@#.....~~
~♣.##########.PYg##...P~♣
~#...........~~~~~....S~~
#############~P≈~~.P..~~~
#.~~♣~P~.P~♣~
#~~≈♣~~~~~♣~~
##~~≈~♣~♣♣~~~ #P.~♣≈♣~~
.. ##~~♣~♣≈~. .


You could see a sky beast and a gnoll sergeant.

Vanquished Creatures
  A water moccasin (D:6)
  A nameless horror (D:6)
  A sky beast (D:6)
  An ice beast (D:6)
  2 ogres
  A centaur (D:5)
  2 phantoms
  A bullfrog (D:6)
  2 scorpions (D:5)
  A howler monkey (D:5)
  5 hounds
  A jelly (D:5)
  2 iguanas
  5 orc wizards
  Robin (D:3)
  7 adders
  2 ufetubi (D:6)
  4 dart slugs
  A ribbon worm (D:2)
  14 orcs
  A bat zombie (D:4)
  9 endoplasms
  5 giant cockroaches
  13 goblins
  4 hobgoblins
  6 jackals
  2 quokkas
  9 ball pythons
  8 bats
  3 frilled lizards
  2 frilled lizard zombies (D:4)
  9 kobolds
  7 rats
133 creatures vanquished.

Vanquished Creatures (others)
  A shadow imp (D:6)
  An orc (D:6)
2 creatures vanquished.

Grand Total: 135 creatures vanquished

Notes
Turn   | Place    | Note
-------+----------+-------------------------------------------
     0 | D:1      | Dogenati the Minotaur Fighter began the quest for the Orb.
     0 | D:1      | Reached XP level 1. HP: 19/19 MP: 0/0
   161 | D:1      | Reached XP level 2. HP: 27/27 MP: 1/1
   326 | D:1      | You fall into a shaft and drop 1 floor!
   326 | D:2      | Found a faded altar of an unknown god.
   378 | D:2      | Reached XP level 3. HP: 31/33 MP: 2/2
   923 | D:2      | Reached XP level 4. HP: 40/40 MP: 3/3
  1095 | D:3      | Found Comutibu's General Store.
  1165 | D:3      | Found Iwnesur's Distillery.
  1248 | D:3      | Found Pizaemist's Distillery.
  1366 | D:3      | Noticed a phantom
  1371 | D:3      | Found Ibastuam's Antique Weapon Shop.
  1378 | D:3      | Killed a phantom
  1379 | D:3      | Reached XP level 5. HP: 37/47 MP: 4/4
  1467 | D:3      | Found Qiw Ocint's Weapon Emporium.
  1739 | D:3      | Noticed Robin
  1750 | D:3      | Killed Robin
  1752 | D:3      | Reached skill level 5 in Armour
  1910 | D:4      | Reached skill level 5 in Fighting
  1910 | D:4      | Reached skill level 5 in Shields
  2180 | D:4      | Found an ancient bone altar of Kikubaaqudgha.
  2276 | D:4      | Reached XP level 6. HP: 35/56 MP: 5/5
  2598 | D:5      | Entered Level 5 of the Dungeon
  2655 | D:5      | Reached skill level 5 in Maces & Flails
  2655 | D:5      | Reached XP level 7. HP: 15/62 MP: 6/6
  3199 | D:5      | Found a radiant altar of Vehumet.
  3634 | D:5      | Reached XP level 8. HP: 49/71 MP: 7/7
  4252 | D:6      | Found a hazy altar of Hepliaklqana.
  4255 | D:6      | Found a stormy altar of Qazlal.
  4288 | D:6      | Found a hide-covered altar of Uskayaw.
  4308 | D:6      | Became a worshipper of Uskayaw the Reveller
  4354 | D:6      | Reached * piety under Uskayaw
  4357 | D:6      | Reached ** piety under Uskayaw
  4362 | D:6      | Learned a level 2 spell: Call Imp
  4362 | D:6      | Noticed a nameless horror
  4384 | D:6      | Killed a nameless horror
  4954 | D:6      | Reached skill level 1 in Summonings
  5513 | D:6      | Found an ornate altar of the Wu Jian Council.
  6698 | D:6      | Gained mutation: You are partially covered in iridescent
                  | scales. (AC +2) [potion of mutation]
  6698 | D:6      | Gained mutation: You are strong-willed. (Will+) [potion of
                  | mutation]
  6698 | D:6      | Gained mutation: You are highly strong-willed. (Will++)
                  | [potion of mutation]
  6698 | D:6      | Gained mutation: Your system is resistant to poisons.
                  | (rPois) [potion of mutation]
  6698 | D:6      | Slain by a gnoll sergeant

Illustrated notes

Levels and vault maps discovered:
D:1:      sevenhm_arrival_forest_fort_small_3, layout_loops_cross
D:2:      layout_loops_ring, dreamdust_ecumenical_altar_statues, minivault_14
D:3:      layout_loops_ring, serial_shops, nicolae_diamond_shop, shop,
          nicolae_shop_crystal, shop, shop, minmay_pentomino_pile, uniq_robin
D:4:      layout_rooms, lemuel_zombie_altar_kikubaaqudgha,
          nicolae_elevator_lobby_plus
D:5:      layout_basic, overflow_temple_1_default, nicolae_ossuary_entry_plus
D:6:      layout_basic, chequers_temple_overflow_statue_of_worship,
          marbit_many_paths, serial_bayou, serial_bayou_ford_a,
          serial_bayou_pond_b, serial_bayou_lagoon_a, serial_bayou_pond_b

Skill      XL: |  1  2  3  4  5  6  7  8 |
---------------+-------------------------+-----
Shields        | 4 5 6 |  6.2
Fighting       | 4 5 6 7 |  7.2
Armour         | 4 5 6 7 |  7.2
Maces & Flails | 3 4 5 6 7 |  7.2
Summonings     | 1 |  1.6

Action                     |  1- 3 |  4- 6 |  7- 9 || total
---------------------------+-------+-------+-------++-------
  Melee: Flail             |    80 |   158 |   138 ||   376
         Headbutt          |    10 |    22 |    30 ||    62
 Invoke: Stomp             |       |       |     4 ||     4
    Use: Scroll            |     3 |       |     4 ||     7
         Potion            |     1 |     2 |     5 ||     8
 Armour: Scale mail        |    55 |   138 |   127 ||   320
  Dodge: Dodged            |    51 |    85 |    70 ||   206
  Block: Buckler           |    27 |    46 |    27 ||   100
